 Dungeon Crawl Stone Soup version 0.26-a0-712-ga5a9c9c9d0 (webtiles) character file.

Game seed: 14613092530744682216

24822 Azzok the Severer (level 12, -4/87 HPs)
             Began as a Demonspawn Berserker on Nov 8, 2020.
             Was a High Priest of Trog.
             Slain by a harpy (14 damage)
             ... summoned by Kirke
             ... on level 13 of the Dungeon.
             The game lasted 00:19:16 (13426 turns).

Azzok the Severer (Demonspawn Berserker)           Turns: 13426, Time: 00:19:16

Health: -4/87      AC:  0    Str: 22    XL:     12   Next: 84%
Magic:  12/12      EV: 17    Int:  8    God:    Trog [*****.]
Gold:   489        SH:  0    Dex: 14    Spells: 11/11 levels left

rFire    . . .     SeeInvis .   (weapon currently unavailable)
rCold    . . .     Faith    .   (shield currently unavailable)
rNeg     . . .     Spirit   .   (armour currently unavailable)
rPois    .         Reflect  .   (helmet currently unavailable)
rElec    .         Harm     .   (cloak currently unavailable)
rCorr    .         Rampage  .   (gloves currently unavailable)
MR       .....                  (boots unavailable)
Stlth    +.........             (no amulet)
HPRegen  2.24/turn              (ring currently unavailable)
MPRegen  0.13/turn              (ring currently unavailable)

@: confused, pig-form, berserk cooldown, slowed
A: small, powered by death 3
a: Berserk, Trog's Hand, Brothers in Arms, Renounce Religion


You were on level 13 of the Dungeon.
You worshipped Trog.
Trog was extremely pleased with you.
You were a filthy swine.
You visited 1 branch of the dungeon, and saw 13 of its levels.

You collected 875 gold pieces.
You spent 386 gold pieces at shops.

Inventory:

Hand Weapons
 x - a +2 mace of venom
 M - a +2 vampiric broad axe (melded)
Missiles
 j - 7 silver javelins (quivered)
 K - 3 throwing nets
Armour
 o - a +0 cloak (melded)
 u - a +0 buckler (melded)
 y - a +0 pair of gloves (melded)
 L - a +0 plate armour (melded)
Jewellery
 f - a ring of protection from magic (melded)
 g - a ring of flight (melded)
Wands
 k - a wand of flame (30)
 v - a wand of digging (11)
 C - a wand of enslavement (9)
 F - a wand of disintegration (15)
 H - a wand of paralysis (8)
Scrolls
 a - a scroll of acquirement {unknown}
 d - 10 scrolls of identify
 e - 3 scrolls of enchant weapon {unknown}
 h - 3 scrolls of enchant armour {unknown}
 i - 2 scrolls of teleportation {unknown}
 p - 2 scrolls of immolation {unknown}
 r - 3 scrolls of blinking {unknown}
 t - 6 scrolls of remove curse {unknown}
 w - 4 scrolls of fog {unknown}
 z - a scroll of fear {unknown}
 B - a scroll of summoning {unknown}
 G - 2 scrolls of amnesia {unknown}
 I - a scroll of torment {unknown}
Potions
 b - 2 potions of mutation {!q}
 c - 3 potions of magic
 l - 2 potions of might
 m - 2 potions of resistance {unknown}
 n - 8 potions of curing
 q - 3 potions of cancellation {unknown}
 s - a potion of flight {unknown}
 A - 2 potions of berserk rage {unknown}
 D - 2 potions of heal wounds
 E - a potion of lignification
 J - a potion of brilliance {unknown}


   Skills:
 - Level 5.7 Fighting
 + Level 16.4 Axes
 - Level 3.6 Throwing
 - Level 4.6 Armour
 - Level 4.5 Dodging
 - Level 4.0 Shields
 - Level 4.0 Evocations


You had 11 spell levels left.
You didn't know any spells.
Your spell library was empty.

Dungeon Overview and Level Annotations

Branches:
Dungeon (13/15)            Temple (0/1) D:7            Lair (0/6) D:9
    Orc (0/2) D:12
 Vaults: D:13-14

Altars:
Gozag
Kikubaaqudgha
Okawaru
Sif Muna
Xom
Yredelemnul
The Shining One

Shops:
D:4 *   D:6 (!*[[   D:9 *

Portals:
Trove: D:11 (give +8 demon blade)

Annotations:
D:9 Blork the orc
D:13 Kirke


Innate Abilities, Weirdness & Mutations

((You have claws for feet.))
You regenerate a lot of health from kills.
((You are mostly covered in razor-sharp scales. (AC +2, Slay +2)))


Message History

Unknown command.
The harpy screeches!
The harpy barely misses you. The harpy closely misses you. The harpy claws you!
* * * LOW HITPOINT WARNING * * *
The harpy claws you!
* * * LOW HITPOINT WARNING * * *
You feel a strong urge to attack something.
The harpy screeches!
The harpy misses you. The harpy claws you.
* * * LOW HITPOINT WARNING * * *
You are no longer berserk.
You are exhausted.
You feel yourself slow down.
The harpy screeches!
Kirke casts a spell.
Kirke flickers and vanishes!
You see here an arrow.
You're too confused!
The harpy claws you!
You die...

·· ·· · ·▒▒▒
▒▒▒▒▒▒▒▒▒▒▒▒▒▒▒▒▒▒▒▒▒····
▒···(······(·(▒▒···k·····
▒·············▒▒··oo·····
▒·····(((H·(·<▒▒·o?o·····
▒····(··hH·o){▒▒·h·······
▒····<··(·····▒)h········
╬·····[··················
▒·············▒▒▒▒▒▒▒▒▒╬▒
▒·············▒
▒▒▒▒▒▒▒▒▒▒▒▒)▒▒ ▒·[▒
▒···▒▒ ▒·▒▒▒


You could see 2 harpies and an orc.

Vanquished Creatures
  Nessos (D:13)
  Josephine (D:13)
  A boulder beetle (D:11)
  A vault guard (D:11)
  Erolcha (D:12)
  A two-headed ogre (D:13)
  3 death yaks (D:9)
  Nergalle (D:11)
  Pikel (D:6)
  A manticore (D:8)
  3 ugly things
  2 cyclopes (D:11)
  2 gargoyles
  A komodo dragon (D:12)
  3 trolls
  A polar bear (D:9)
  A slime creature (D:11)
  A hornet (D:9)
  Prince Ribbit (D:6)
  Grinder (D:3)
  6 wraiths
  3 wyverns
  17 yaks
  6 hogs
  Eustachio (D:5)
  Menkaure (D:6)
  A warg (D:12)
  A soldier ant (D:11)
  Duvessa (D:6)
  A water moccasin (D:12)
  6 orc warriors
  8 sky beasts
  2 black bears
  6 ice beasts
  2 necrophages
  3 wolves (D:9)
  7 ogres
  7 centaurs
  7 bullfrogs
  2 wyvern zombies
  A gnoll sergeant (D:5)
  Dowan (D:6)
  A wyvern skeleton (D:10)
  5 killer bees (D:10)
  3 scorpions
  7 wights
  A howler monkey (D:7)
  2 centaur zombies
  2 bullfrog zombies
  15 jellies
  A quasit (D:5)
  3 bullfrog skeletons
  11 hounds
  Crazy Yiuf (D:2)
  4 orc priests
  6 orc wizards
  Jessica (D:3)
  A centaur skeleton (D:8)
  3 iguanas
  2 hell rats (D:9)
  Ijyb (D:4)
  6 worker ants
  2 killer bee zombies
  A hound skeleton (D:5)
  A hound zombie (D:5)
  4 worker ant zombies
  10 gnolls
  12 adders
  3 river rats (D:9)
  2 shadow imps
  9 white imps
  An ufetubus (D:8)
  13 oozes
  4 worms
  3 adder simulacra (D:9)
  8 leopard geckos
  30 orcs
  5 giant cockroaches
  15 goblins
  4 hobgoblins
  15 jackals
  7 kobolds
  6 quokkas
  12 bats
  7 frilled lizards
  A quokka skeleton (D:4)
  7 rats
376 creatures vanquished.

Vanquished Creatures (others)
  8 fungi (D:11)
8 creatures vanquished.

Grand Total: 384 creatures vanquished

Notes
Turn   | Place    | Note
-------+----------+-------------------------------------------
     0 | D:1      | Azzok the Demonspawn Berserker began the quest for the Orb.
     0 | D:1      | Reached XP level 1. HP: 18/18 MP: 1/1
   105 | D:1      | Reached skill level 3 in Axes
   105 | D:1      | Gained mutation: You have sharp toenails. [demonic
                  | ancestry]
   105 | D:1      | Reached XP level 2. HP: 8/24 MP: 2/2
  1026 | D:1      | Gained mutation: You regenerate a little health from kills.
                  | [demonic ancestry]
  1026 | D:1      | Reached XP level 3. HP: 27/29 MP: 3/3
  1779 | D:2      | Reached ** piety under Trog
  1783 | D:2      | Found a glowing golden altar of the Shining One.
  1839 | D:2      | Gained mutation: You have razor-sharp toenails. [demonic
                  | ancestry]
  1839 | D:2      | Reached XP level 4. HP: 26/35 MP: 4/4
  2215 | D:2      | Found a runed translucent door.
  2215 | D:2      | You fall into a shaft and drop 1 floor!
  2539 | D:2      | Noticed Crazy Yiuf
  2786 | D:2      | Killed Crazy Yiuf
  2786 | D:2      | Gained mutation: You regenerate health from kills. [demonic
                  | ancestry]
  2786 | D:2      | Reached XP level 5. HP: 30/42 MP: 1/5
  3053 | D:3      | Noticed Jessica
  3065 | D:3      | Killed Jessica
  3070 | D:3      | Reached skill level 4 in Axes
  3199 | D:3      | Noticed Grinder
  3213 | D:3      | Killed Grinder
  3213 | D:3      | Reached skill level 1 in Throwing
  3213 | D:3      | Reached skill level 1 in Evocations
  3213 | D:3      | Gained mutation: You are partially covered in razor-sharp
                  | scales. (AC +1, Slay +1) [demonic ancestry]
  3213 | D:3      | Reached XP level 6. HP: 47/48 MP: 6/6
  3713 | D:4      | Noticed Ijyb
  3724 | D:4      | Killed Ijyb
  4075 | D:4      | Gained mutation: You have claws for feet. [demonic
                  | ancestry]
  4075 | D:4      | Reached XP level 7. HP: 43/54 MP: 7/7
  4276 | D:4      | Reached *** piety under Trog
  4471 | D:4      | Found Zoep Quwn's General Store.
  4479 | D:4      | Bought a scroll of identify for 28 gold pieces
  4479 | D:4      | Bought a potion of heal wounds for 70 gold pieces
  4479 | D:4      | Bought a scroll of identify for 28 gold pieces
  4523 | D:5      | Entered Level 5 of the Dungeon
  4548 | D:5      | Reached skill level 1 in Shields
  4555 | D:5      | Reached skill level 5 in Axes
  5123 | D:5      | Noticed Eustachio
  5144 | D:5      | Killed Eustachio
  5144 | D:5      | Gained mutation: You are mostly covered in razor-sharp
                  | scales. (AC +2, Slay +2) [demonic ancestry]
  5144 | D:5      | Reached XP level 8. HP: 33/61 MP: 8/8
  5659 | D:6      | Noticed Dowan
  5660 | D:6      | Noticed Duvessa
  5664 | D:6      | Noticed Menkaure
  5667 | D:6      | Killed Duvessa
  5667 | D:6      | Reached skill level 5 in Fighting
  5671 | D:6      | Killed Dowan
  5675 | D:6      | Killed Menkaure
  5694 | D:6      | Found an ancient bone altar of Kikubaaqudgha.
  5757 | D:5      | Reached skill level 6 in Axes
  5919 | D:5      | Found a shimmering altar of Xom.
  6364 | D:6      | Noticed Prince Ribbit
  6383 | D:6      | Killed Prince Ribbit
  6383 | D:6      | Reached XP level 9. HP: 57/68 MP: 9/9
  6443 | D:6      | Found Zocem's Distillery.
  6449 | D:6      | Bought a potion of heal wounds for 60 gold pieces
  6449 | D:6      | Bought a potion of lignification for 36 gold pieces
  6449 | D:6      | Bought a potion of degeneration for 12 gold pieces
  6449 | D:6      | Bought a potion of curing for 36 gold pieces
  6460 | D:6      | Found Weassymy's Antique Weapon Emporium.
  6477 | D:6      | Bought a broad axe for 116 gold pieces
  6538 | D:6      | Found Diplaise's General Store.
  6652 | D:6      | Noticed Pikel
  6668 | D:6      | Killed Pikel
  6706 | D:6      | Found Sagafric's Armour Emporium.
  6862 | D:6      | Found Susch's Armour Shoppe.
  7082 | D:7      | Reached skill level 7 in Axes
  7166 | D:7      | Found a staircase to the Ecumenical Temple.
  7205 | D:7      | Reached skill level 8 in Axes
  7380 | D:7      | Found a shimmering altar of Xom.
  7523 | D:8      | Reached **** piety under Trog
  7577 | D:8      | Gained mutation: You regenerate a lot of health from kills.
                  | [demonic ancestry]
  7577 | D:8      | Reached XP level 10. HP: 76/76 MP: 10/10
  7718 | D:8      | Reached skill level 9 in Axes
  7979 | D:8      | Noticed a manticore
  7984 | D:8      | Killed a manticore
  7984 | D:8      | Reached skill level 10 in Axes
  8175 | D:9      | Found a staircase to the Lair.
  8175 | D:9      | Noticed a death yak
  8176 | D:9      | Noticed a death yak
  8183 | D:9      | Noticed a death yak
  8190 | D:9      | Killed a death yak
  8203 | D:9      | Killed a death yak
  8203 | D:9      | Reached skill level 11 in Axes
  8214 | D:9      | Killed a death yak
  8231 | D:9      | Reached XP level 11. HP: 81/81 MP: 11/11
  8434 | D:9      | Reached skill level 12 in Axes
  8455 | D:9      | Found Gozag's Platinum Reserve.
  8497 | D:9      | Reached ***** piety under Trog
  8531 | D:9      | Noticed Blork the orc
  8537 | D:9      | Found a shimmering blue altar of Sif Muna.
  8609 | D:9      | Found an opulent altar of Gozag.
  8788 | D:9      | Found a basalt altar of Yredelemnul.
  8788 | D:9      | Found an iron altar of Okawaru.
  8933 | D:10     | Entered Level 10 of the Dungeon
  9771 | D:10     | Reached skill level 13 in Axes
 10484 | D:11     | Reached skill level 14 in Axes
 10485 | D:11     | Noticed Nergalle
 10500 | D:11     | Killed Nergalle
 10611 | D:11     | Noticed a vault guard
 10627 | D:11     | Killed a vault guard
 10851 | D:11     | Found a portal to a secret trove of treasure.
 10901 | D:11     | Noticed a purple ugly thing
 10912 | D:11     | Killed a purple ugly thing
 10912 | D:11     | Reached XP level 12. HP: 69/87 MP: 12/12
 11206 | D:11     | Noticed a boulder beetle
 11217 | D:11     | Received a gift from Trog
 11225 | D:11     | Killed a boulder beetle
 11661 | D:12     | Reached skill level 15 in Axes
 11822 | D:12     | Found a staircase to the Orcish Mines.
 12323 | D:12     | Noticed Erolcha
 12335 | D:12     | Killed Erolcha
 12451 | D:13     | Noticed Nessos
 12494 | D:12     | HP: 4/87 [poisoned by Nessos]
 12501 | D:12     | HP: 3/87 [poisoned by Nessos]
 12508 | D:12     | HP: 3/87 [poisoned by Nessos]
 12516 | D:12     | HP: 2/87 [poisoned by Nessos]
 13148 | D:13     | Killed Nessos
 13172 | D:13     | Noticed a two-headed ogre
 13183 | D:13     | Killed a two-headed ogre
 13183 | D:13     | Reached skill level 16 in Axes
 13184 | D:13     | Noticed Josephine
 13303 | D:13     | Killed Josephine
 13338 | D:13     | Noticed Kirke
 13426 | D:13     | Slain by a harpy

Illustrated notes

Levels and vault maps discovered:
D:1:      saegor_arrival_miasma, layout_loops_ring, serial_rivers,
          chequers_serial_rivers_small_b, chequers_serial_rivers_micro_a,
          chequers_serial_rivers_micro_a, chequers_serial_rivers_micro_c,
          chequers_serial_rivers_marsh, chequers_serial_rivers_small_3
D:2:      layout_loops_ring, lemuel_doored_altar, uniq_crazy_yiuf_cottage
D:3:      layout_loops_ring, uniq_jessica, uniq_grinder
D:4:      kennysheep_goblin_castle, layout_basic, serial_shops, shop
D:5:      kb_forest_paths, layout_cave_pods, xom_teletrap_fun, uniq_eustachio
D:6:      layout_basic, old_standard_altar, serial_shops, kennysheep_mini,
          nicolae_shop_statue_plus, shop, shop_fountains,
          nicolae_shop_waterfront, uniq_menkaure, uniq_prince_ribbit1,
          uniq_duvessa, uniq_pikel
D:7:      layout_basic, minmay_temple_entry_ruins, basic_altar
D:8:      cheibrodos_ideogram_h, layout_basic
D:9:      layout_small_grid, tgw_sif, nicolae_gozag_zags_fifth_avenue,
          gammafunk_temple_overflow_elements, dpeg_lair_monsters, serial_ice,
          serial_ice_o, serial_ice_m, serial_ice_b, serial_ice_a
D:10:     layout_stronghold
D:11:     lemuel_slime, layout_loops_corners, enter_trove_5, uniq_nergalle
D:12:     layout_gridville, david_orc_3, minmay_crystal_room,
          grunt_decor_mini_mirrors, uniq_erolcha
D:13:     layout_roguey, uniq_nessos, uniq_kirke, uniq_josephine

Skill      XL: |  1  2  3  4  5  6  7  8  9 10 11 12 |
---------------+-------------------------------------+-----
Axes           | 3 4 5 6 8 11 14 16 | 16.4
Armour         | 2 3 4 |  4.6
Dodging        | 2 3 4 |  4.5
Fighting       | 4 5 |  5.7
Throwing       | 1 2 3 |  3.6
Evocations     | 1 2 3 4 |  4.0
Shields        | 1 2 4 |  4.0

Action                   |  1- 3 |  4- 6 |  7- 9 | 10-12 || total
-------------------------+-------+-------+-------+-------++-------
Melee: Hand axe          |    68 |       |       |       ||    68
       Kick              |    11 |    28 |    73 |   248 ||   360
       Mace              |    12 |   127 |   106 |       ||   245
       Trident           |       |       |    31 |       ||    31
       Broad axe         |       |       |   104 |   627 ||   731
       Unarmed           |       |       |       |     5 ||     5
Invok: Berserk           |     2 |     3 |     4 |     4 ||    13
       Trog's Hand       |       |     1 |       |     1 ||     2
  Use: Scroll            |       |       |     3 |       ||     3
       Potion            |       |       |     1 |       ||     1
 Stab: Sleeping          |     1 |       |       |       ||     1
       Distracted        |       |       |       |     1 ||     1
Armor: Animal skin       |    22 |       |       |       ||    22
       Ring mail         |       |    47 |    75 |       ||   122
       Chain mail        |       |       |    73 |   137 ||   210
       Plate armour      |       |       |       |   137 ||   137
Dodge: Dodged            |    61 |    84 |   161 |   269 ||   575
Block: Buckler           |       |     5 |    60 |   135 ||   200

Table legend: (Time is in decaauts)
 A = Elapsed time spent in this place.
 B = Non-inter-level travel time spent in this place.
 C = Inter-level travel time spent in this place.
 D = Time resting spent in this place.
 E = Time spent auto-exploring this place.
 F = Levels seen in this place.
 G = Mean time per level.
                   A        B        C        D        E       F      G
               +--------+--------+--------+--------+--------+-----+--------+
         Total |  13646 |  13002 |    644 |   2284 |   8293 |  13 | 1049.7 |
       Dungeon |  13646 |  13002 |    644 |   2284 |   8293 |  13 | 1049.7 |
               +--------+--------+--------+--------+--------+-----+--------+

Top non-repeatable levels by time:
     D:2: 1574 daAuts
    D:11: 1525 daAuts
    D:12: 1478 daAuts
     D:1: 1419 daAuts
     D:5: 1414 daAuts
    D:10: 1177 daAuts
     D:4: 1075 daAuts
     D:6: 957 daAuts
     D:9: 796 daAuts
     D:3: 790 daAuts
     D:8: 656 daAuts
     D:7: 495 daAuts
    D:13: 286 daAuts
